[Event "Titled Tuesday Blitz January 03 Late 2023"]
[White "Xiong, Jeffery"]
[Black "Vachier-Lagrave, Maxime"]
[WhiteFideId "2047640"]
[BlackFideId "623539"]
[WhiteElo "2692"]
[BlackElo "2742"]
[Result "1/2-1/2"]
[Round "05"]
[TimeControl "180+2"]
[Date "2023.01.03"]
[WhiteClock "0:00:49"]
[BlackClock "0:00:23"]

1. d4 Nf6 2. c4 e6 3. Nc3 Bb4 4. Nf3 d5 5. Qa4+ Nc6 6. e3 O-O 7. Bd2 Re8 8. a3 Bf8 9. Rd1 Bd7 10. Qc2 e5 11. cxd5 Nxd4 12. exd4 exd4+ 13. Ne2 c5 14. dxc6 Bxc6 15. Bg5 Be4 16. Qd2 d3 17. Be3 dxe2 18. Bxe2 Nd5 19. Bg5 Bxf3 20. Bxd8 Bxe2 21. Bg5 Ba6+ 22. Be3 Nf4 23. Rg1 Rac8 24. Qd7 Rc2 25. Rd2 Rc1+ 26. Rd1 Rc2 27. Rd2 Rc1+ 28. Rd1 Rc2 1/2-1/2


[Site "https://www.chess.com"]

[Event "Titled Tuesday Blitz January 03 Late 2023"]
[White "Keymer, Vincent"]
[Black "Naroditsky, Daniel"]
[WhiteFideId "12940690"]
[BlackFideId "2026961"]
[WhiteElo "2700"]
[BlackElo "2618"]
[Result "1/2-1/2"]
[Round "05"]
[TimeControl "180+2"]
[Date "2023.01.03"]
[WhiteClock "0:00:08"]
[BlackClock "0:00:04"]

1. Nf3 Nf6 2. c4 g6 3. Nc3 Bg7 4. g3 O-O 5. Bg2 d6 6. d4 Nbd7 7. O-O e5 8. e4 c6 9. h3 Qa5 10. Be3 Re8 11. Re1 exd4 12. Bxd4 Ne5 13. c5 Nxf3+ 14. Qxf3 Qd8 15. cxd6 Qxd6 16. Rad1 Qe7 17. e5 Nd7 18. Ne4 Nxe5 19. Bxe5 Bxe5 20. Nf6+ Bxf6 21. Rxe7 Bxe7 22. Qb3 Bc5 23. Bf1 Bb6 24. Bc4 Be6 25. Kg2 Bxc4 26. Qxc4 Re7 27. b4 Rae8 28. Rd2 Re4 29. Qb3 R8e7 30. a4 a5 31. b5 cxb5 32. Qxb5 R4e6 33. Rd3 Rf6 34. Rf3 Rxf3 35. Kxf3 Re6 36. g4 Rf6+ 37. Ke4 Bxf2 38. Qxb7 Re6+ 39. Kd5 Be1 40. h4 Kg7 41. h5 gxh5 42. gxh5 h6 43. Qb2+ Kg8 44. Qg2+ Kf8 45. Qf3 Bb4 46. Kc4 Kg7 47. Qg4+ 1/2-1/2


[Site "https://www.chess.com"]

[Event "Titled Tuesday Blitz January 03 Late 2023"]
[White "Lazavik, Denis"]
[Black "Caruana, Fabiano"]
[WhiteFideId "13515110"]
[BlackFideId "2020009"]
[WhiteElo "2544"]
[BlackElo "2764"]
[Result "0-1"]
[Round "05"]
[TimeControl "180+2"]
[Date "2023.01.03"]
[WhiteClock "0:00:01"]
[BlackClock "0:01:08"]

1. d4 Nf6 2. c4 e6 3. Nf3 Bb4+ 4. Bd2 Qe7 5. g3 Nc6 6. Nc3 O-O 7. Bg2 d5 8. a3 Bxc3 9. Bxc3 Ne4 10. Qc2 Rd8 11. O-O b6 12. b3 a5 13. Bb2 Bb7 14. Rfd1 h6 15. Rac1 Rac8 16. e3 a4 17. b4 Nd6 18. Nd2 dxc4 19. Nxc4 b5 20. Ne5 Nxe5 21. dxe5 Bxg2 22. Kxg2 Nc4 23. Qc3 Rxd1 24. Rxd1 Rd8 25. Rd4 Qe8 26. Bc1 Qc6+ 27. e4 Rd7 28. Rxd7 Qxd7 29. h4 Qd1 30. Bf4 c6 31. h5 Kh7 32. Kh2 Qxh5+ 33. Kg2 Qd1 0-1


[Site "https://www.chess.com"]

[Event "Titled Tuesday Blitz January 03 Late 2023"]
[White "Pranav, V"]
[Black "Dardha, Daniel"]
[WhiteFideId "25060783"]
[BlackFideId "240990"]
[WhiteElo "2597"]
[BlackElo "2631"]
[Result "0-1"]
[Round "05"]
[TimeControl "180+2"]
[Date "2023.01.03"]
[WhiteClock "0:00:03"]
[BlackClock "0:00:03"]

1. e4 e5 2. Nf3 Nc6 3. Bb5 Nf6 4. d3 d6 5. O-O a6 6. Ba4 b5 7. Bb3 Na5 8. Re1 Be7 9. c3 Nxb3 10. axb3 h6 11. Nbd2 O-O 12. Nf1 Re8 13. Ng3 Bf8 14. h3 Bb7 15. Be3 d5 16. Qc2 c5 17. Bc1 Qc7 18. c4 d4 19. Nf5 Kh7 20. Nh2 g6 21. Ng3 Bg7 22. Ng4 Nd7 23. Rf1 h5 24. Nh2 h4 25. Ne2 f5 26. Bg5 fxe4 27. dxe4 bxc4 28. bxc4 Bf6 29. Nf3 Qd8 30. Bxf6 Nxf6 31. Ng5+ Kg7 32. Ra3 Qe7 33. f4 exf4 34. Nxf4 Qe5 35. Rb3 Qxg5 36. Rxb7+ Kh6 37. Rf7 Nxe4 38. Rf3 Ng3 39. Qd2 Re4 40. Kh2 Rae8 41. Rg7 Re1 42. Rxg6+ Kh7 43. Rg7+ Kxg7 44. Ne6+ Kh8 45. Qxe1 Qh6 46. Qe5+ Kg8 47. Rf6 Qh5 48. Qxh5 Nxh5 49. Rh6 Kf7 50. Ng5+ Kg7 51. Rxh5 Kg6 52. Rxh4 Kxg5 53. Rg4+ Kf5 54. Rg3 Kf4 55. Rf3+ Ke4 56. Kg1 Rb8 57. h4 d3 58. h5 d2 59. Rf1 Rxb2 60. g4 Rc2 61. h6 Rc1 0-1


[Site "https://www.chess.com"]

[Event "Titled Tuesday Blitz January 03 Late 2023"]
[White "Zakhartsov, Vladimir"]
[Black "Kollars, Dmitrij"]
[WhiteFideId "4145097"]
[BlackFideId "12909572"]
[WhiteElo "2552"]
[BlackElo "2607"]
[Result "0-1"]
[Round "05"]
[TimeControl "180+2"]
[Date "2023.01.03"]
[WhiteClock "0:00:01"]
[BlackClock "0:00:16"]

1. c4 e5 2. g3 c6 3. d4 e4 4. d5 Bb4+ 5. Bd2 Qe7 6. Nc3 Nf6 7. Bg2 cxd5 8. cxd5 O-O 9. Nh3 d6 10. O-O a5 11. Be3 Bf5 12. Bd4 Nbd7 13. Nf4 Rac8 14. e3 Ne5 15. a3 Bc5 16. Bxc5 Rxc5 17. h3 h6 18. Rc1 Rfc8 19. Kh2 b5 20. Qd2 g5 21. Nfe2 Nd3 22. b4 axb4 23. axb4 Nxb4 24. Nd4 Bg6 25. Ncxb5 Nfxd5 26. Ra1 Qe5 27. Rfb1 Nd3 28. Ra6 Rb8 29. Nc6 Rxc6 30. Rxc6 N5b4 31. Nd4 Nxc6 32. Nxc6 Rxb1 33. Nxe5 dxe5 34. f3 Rb2 35. Qd1 exf3 36. Qxf3 Ne1 37. Qa8+ Kh7 38. h4 Rxg2+ 39. Kh1 Rxg3 40. h5 Bxh5 41. Qe4+ Bg6 42. Qd5 Nf3 0-1


[Site "https://www.chess.com"]

[Event "Titled Tuesday Blitz January 03 Late 2023"]
[White "Carlsen, Magnus"]
[Black "Jacobson, Brandon"]
[WhiteFideId "1503014"]
[BlackFideId "30901561"]
[WhiteElo "2853"]
[BlackElo "2556"]
[Result "1-0"]
[Round "05"]
[TimeControl "180+2"]
[Date "2023.01.03"]
[WhiteClock "0:00:08"]
[BlackClock "0:00:03"]

1. b3 Nf6 2. Bb2 g6 3. g3 Bg7 4. Bg2 O-O 5. Nf3 b6 6. Ne5 d5 7. O-O Bb7 8. c4 e6 9. d4 Qe7 10. Nc3 Rd8 11. Rc1 c5 12. dxc5 bxc5 13. cxd5 exd5 14. Nd3 c4 15. bxc4 dxc4 16. Ba3 Qc7 17. Nb5 Qb6 18. Bxb7 Qxb7 19. Nc5 Qb6 20. Qa4 a6 21. Nc3 Rc8 22. Qxc4 Nbd7 23. Nd5 Nxd5 24. Qxd5 Nxc5 25. Rxc5 Rd8 26. Qf3 Qe6 27. Rc2 h5 28. h4 Be5 29. Rfc1 Rac8 30. Rxc8 Rxc8 31. Rxc8+ Qxc8 32. Qd5 Bf6 33. Bc5 Kg7 34. Kg2 Qg4 35. Qd3 Bxh4 36. Qxa6 Bf6 37. Qd6 h4 38. Qf8+ Kh7 39. Qxf7+ Bg7 40. Bf8 1-0


[Site "https://www.chess.com"]

[Event "Titled Tuesday Blitz January 03 Late 2023"]
[White "Indjic, Aleksandar"]
[Black "Martinez Alcantara, Jose Eduardo"]
[WhiteFideId "911925"]
[BlackFideId "3805662"]
[WhiteElo "2618"]
[BlackElo "2619"]
[Result "0-1"]
[Round "05"]
[TimeControl "180+2"]
[Date "2023.01.03"]
[WhiteClock "0:00:06"]
[BlackClock "0:00:06"]

1. d4 Nf6 2. Nf3 e6 3. Bg5 h6 4. Bh4 Be7 5. Nbd2 d6 6. c3 Nbd7 7. e4 b6 8. Bd3 Bb7 9. Qe2 Nh5 10. Bg3 Nxg3 11. hxg3 a6 12. Nc4 c6 13. Ne3 Qc7 14. Nd2 d5 15. e5 g6 16. f4 c5 17. Nf3 b5 18. g4 O-O-O 19. f5 gxf5 20. gxf5 Kb8 21. f6 Bf8 22. Kf2 Qb6 23. Rh4 Rc8 24. a3 Ka7 25. Qd2 Nb8 26. b4 cxd4 27. cxd4 Nc6 28. Rc1 Rg8 29. Be2 Kb8 30. Rb1 Rc7 31. Qd3 Rh8 32. g4 Nd8 33. g5 Rc4 34. g6 fxg6 35. Qxg6 Rc3 36. Rg1 Rxa3 37. Qe8 Bc6 38. Qg6 Qc7 39. Rc1 Qd7 40. Ng4 Bxb4 41. Rxh6 Rxh6 42. Nxh6 Bf8 43. Ng4 b4 44. Qg8 Qe8 45. f7 Qe7 46. Nf6 Rc3 47. Rh1 Qxf7 48. Rh8 Qxg8 49. Rxg8 Be7 50. Rg7 Bf8 51. Rg8 Be7 52. Rg7 b3 53. Rxe7 Rc2 54. Rg7 b2 55. Rg1 Bb5 0-1


[Site "https://www.chess.com"]

[Event "Titled Tuesday Blitz January 03 Late 2023"]
[White "Tari, Aryan"]
[Black "Timmermans, Mark"]
[WhiteFideId "1510045"]
[BlackFideId "1026399"]
[WhiteElo "2642"]
[BlackElo "2392"]
[Result "1-0"]
[Round "05"]
[TimeControl "180+2"]
[Date "2023.01.03"]
[WhiteClock "0:00:22"]
[BlackClock "0:00:56"]

1. d4 Nf6 2. c4 e6 3. Nf3 d5 4. Nc3 dxc4 5. e3 a6 6. a4 c5 7. Bxc4 Nc6 8. O-O Be7 9. Qe2 cxd4 10. Rd1 O-O 11. exd4 Nb4 12. Ne5 b6 13. Bg5 Bb7 14. Bb3 Rc8 15. Rd2 h6 16. Bh4 Rc7 17. Re1 Qa8 18. f3 Nbd5 19. Nxd5 Bxd5 20. Bc2 Rfc8 21. Qd3 g5 22. Bg3 Bb4 23. Ng4 Nxg4 24. Bxc7 Bxd2 25. Qh7+ Kf8 26. Bd6+ Ke8 27. Bg6 e5 28. fxg4 Bxe1 29. Bf5 Bf2+ 30. Kxf2 Be6 31. Bxe6 Rc2+ 32. Qxc2 fxe6 33. Qh7 Qd8 34. dxe5 1-0


[Site "https://www.chess.com"]

[Event "Titled Tuesday Blitz January 03 Late 2023"]
[White "Oparin, Grigoriy"]
[Black "Yanchenko, Roman"]
[WhiteFideId "24125890"]
[BlackFideId "4137329"]
[WhiteElo "2667"]
[BlackElo "2466"]
[Result "0-1"]
[Round "05"]
[TimeControl "180+2"]
[Date "2023.01.03"]
[WhiteClock "0:00:05"]
[BlackClock "0:00:08"]

1. b3 e5 2. Bb2 Nc6 3. c4 d6 4. Nc3 g6 5. g3 Bg7 6. Bg2 Nge7 7. e3 O-O 8. Nge2 Be6 9. O-O Qd7 10. Nd5 Rac8 11. Nxe7+ Qxe7 12. d4 exd4 13. Nxd4 Nxd4 14. Bxd4 b6 15. Qd2 Rcd8 16. Rae1 Qd7 17. f4 Bh3 18. Bxh3 Qxh3 19. Bxg7 Kxg7 20. Qd4+ Kg8 21. f5 Qh6 22. Rf4 g5 23. Rg4 f6 24. h4 Qh5 25. Kg2 c5 26. Qd5+ Kg7 27. Re4 Rfe8 28. hxg5 fxg5 29. f6+ Kxf6 30. Rh4 Qg6 31. Rxh7 Qc2+ 32. Kg1 Qxh7 33. Rf1+ Kg6 34. Rf5 Qe7 35. e4 Rf8 36. g4 Rxf5 37. gxf5+ Kf6 38. Kg2 Rh8 39. Qc6 Qe5 40. Qd7 Rh2+ 41. Kg1 Qg3+ 42. Kf1 Qf2# 0-1


[Site "https://www.chess.com"]

[Event "Titled Tuesday Blitz January 03 Late 2023"]
[White "Bortnyk, Mykola"]
[Black "Morefield, Jason"]
[WhiteFideId "14120836"]
[BlackFideId "30920825"]
[WhiteElo "2425"]
[BlackElo "2167"]
[Result "0-1"]
[Round "05"]
[TimeControl "180+2"]
[Date "2023.01.03"]
[WhiteClock "0:00:20"]
[BlackClock "0:00:09"]

1. e4 e5 2. f4 exf4 3. Bc4 Qh4+ 4. Kf1 d6 5. Nf3 Qh6 6. Nc3 Be6 7. Be2 Nf6 8. d4 Nh5 9. Rg1 g5 10. Nxg5 Qxg5 11. Bxh5 Qh4 12. Qf3 Bg7 13. d5 Bd7 14. Bxf4 O-O 15. Ne2 f5 16. exf5 Bxf5 17. g4 Bg6 18. Qg3 Qxg3 19. hxg3 Nd7 20. c3 Nb6 21. Kg2 Nxd5 22. Bxg6 hxg6 23. Rad1 Nb6 24. Rge1 Rae8 25. b3 Re6 26. Nd4 Rxe1 27. Rxe1 Bxd4 28. cxd4 Nd5 29. Bd2 Kf7 30. Rf1+ Ke8 31. Rh1 Rf6 32. Rh7 Rf7 33. Rh6 Rg7 34. Kf3 Kd7 35. g5 Ke6 36. Ke4 Ne7 37. g4 c5 38. dxc5 dxc5 39. Bc3 Rg8 40. Bf6 Nd5 41. Be5 Ne7 42. Rh7 Rf8 43. Bf6 Rf7 44. Rxf7 Kxf7 45. Bxe7 Kxe7 46. Kd5 b6 47. Kc6 Ke6 48. a4 Ke5 49. Kb7 Kd6 50. Kxa7 Kc7 51. Ka6 Kc6 52. a5 b5 53. Ka7 Kc7 54. a6 c4 55. b4 c3 56. Ka8 c2 57. a7 Kb6 58. Kb8 c1=Q 59. a8=Q Qc7# 0-1


[Site "https://www.chess.com"]

[Event "Titled Tuesday Blitz January 03 Late 2023"]
[White "Bjelobrk, Igor"]
[Black "Terry, Renato"]
[WhiteFideId "4300726"]
[BlackFideId "3803457"]
[WhiteElo "2403"]
[BlackElo "2520"]
[Result "0-1"]
[Round "05"]
[TimeControl "180+2"]
[Date "2023.01.03"]
[WhiteClock "0:00:27"]
[BlackClock "0:01:42"]

1. Nf3 d5 2. g3 Nf6 3. Bg2 c6 4. O-O Bg4 5. c4 dxc4 6. Na3 Qd5 7. b3 c3 8. dxc3 Nbd7 9. Qxd5 Nxd5 10. Bb2 e5 11. Nc4 f6 12. e4 N5b6 13. Na5 O-O-O 14. h3 Be6 15. Rfd1 Be7 16. Bc1 Nc5 17. Re1 Nd3 18. Rd1 Bc5 19. Rd2 Nxf2 20. Rxf2 Rd1+ 21. Bf1 Bxh3 22. Be3 Rxf1+ 23. Rfxf1 Bxe3+ 24. Kh2 Bxf1 25. Rxf1 Rd8 26. Re1 Bd2 0-1


[Site "https://www.chess.com"]

[Event "Titled Tuesday Blitz January 03 Late 2023"]
[White "Tang, Andrew"]
[Black "Zhao, Erick"]
[WhiteFideId "2059630"]
[BlackFideId "30946930"]
[WhiteElo "2523"]
[BlackElo "2275"]
[Result "1-0"]
[Round "05"]
[TimeControl "180+2"]
[Date "2023.01.03"]
[WhiteClock "0:00:10"]
[BlackClock "0:00:09"]

1. d4 Nf6 2. c4 g6 3. f3 d5 4. cxd5 Nxd5 5. e4 Nb6 6. Nc3 Bg7 7. Be3 O-O 8. Qd2 f5 9. e5 Be6 10. Nh3 Nc6 11. Rd1 Bf7 12. Bh6 e6 13. Bxg7 Kxg7 14. Nf4 g5 15. Nh3 h6 16. Nf2 Qe7 17. Bb5 Rad8 18. Bxc6 bxc6 19. Qe3 c5 20. O-O cxd4 21. Rxd4 Qc5 22. Ne2 Rxd4 23. Nxd4 Qd5 24. b3 f4 25. Qc3 c5 26. Nb5 a6 27. Nd6 Qd4 28. Qxd4 cxd4 29. Rd1 Bg6 30. Rxd4 Nd7 31. Nc4 Rf7 32. Rd6 Re7 33. Rxa6 Bc2 34. h4 Kg6 35. hxg5 hxg5 36. Rc6 Bb1 37. Nd2 Nxe5 38. Rd6 Bf5 39. Nde4 Ra7 40. Rd2 Ra5 41. Nd6 Bb1 42. a4 Ra8 43. Nb7 Rc8 44. a5 Bc2 45. b4 Ba4 46. Nc5 Bb5 47. Rd6 Kf5 48. Nfe4 Nc4 49. Rxe6 Ne3 50. Nd6# 1-0


[Site "https://www.chess.com"]

[Event "Titled Tuesday Blitz January 03 Late 2023"]
[White "Khripachenko, Alexander"]
[Black "Zierk, Steven"]
[WhiteFideId "54184975"]
[BlackFideId "2034255"]
[WhiteElo "2110"]
[BlackElo "2488"]
[Result "0-1"]
[Round "05"]
[TimeControl "180+2"]
[Date "2023.01.03"]
[WhiteClock "0:00:33"]
[BlackClock "0:00:27"]

1. e4 e6 2. d4 d5 3. Nd2 c5 4. Ngf3 cxd4 5. exd5 Qxd5 6. Bc4 Qd7 7. O-O Nc6 8. Nb3 Nf6 9. Nbxd4 Nxd4 10. Nxd4 a6 11. c3 Bc5 12. Be3 O-O 13. Re1 b6 14. Qf3 Bb7 15. Qh3 e5 16. Ne6 Bxe3 17. Nxf8 Qxh3 18. gxh3 Bf4 19. Ne6 fxe6 20. Bxe6+ Kf8 21. Rad1 Ke7 22. Bc4 Rc8 23. Be2 e4 24. Rd4 Rc5 25. h4 g5 26. h5 g4 27. Rb4 b5 28. a4 Rxh5 29. axb5 Bxh2+ 30. Kf1 a5 31. Rc4 Bd6 32. Kg1 e3 33. Rc6 Bxc6 34. bxc6 exf2+ 35. Kxf2 Rf5+ 36. Kg2 Kd8 37. Rd1 Kc7 38. Rd4 h5 39. b4 Rd5 40. Rc4 a4 41. b5 Rxb5 42. Rxa4 Rb2 43. Kf1 Nd5 0-1


[Site "https://www.chess.com"]

[Event "Titled Tuesday Blitz January 03 Late 2023"]
[White "Zhigalko, Sergei"]
[Black "AidenRchess"]
[WhiteFideId "13502956"]
[WhiteElo "2572"]
[BlackElo "2398"]
[Result "1-0"]
[Round "05"]
[TimeControl "180+2"]
[Date "2023.01.03"]
[WhiteClock "0:02:03"]
[BlackClock "0:00:28"]

1. e4 c5 2. Nf3 d6 3. d4 cxd4 4. Qxd4 Nc6 5. Bb5 Bd7 6. Bxc6 Bxc6 7. Nc3 e6 8. Bg5 Nf6 9. O-O-O Be7 10. Rhe1 O-O 11. Kb1 Qc7 12. Qd2 Rad8 13. Nd4 a6 14. f3 b5 15. g4 b4 16. Nce2 d5 17. e5 Rfe8 18. exf6 gxf6 19. Bh6 Bc5 20. Ng3 Ba4 21. b3 Bxd4 22. Qxd4 Rc8 23. Rc1 e5 24. Qxb4 Bc6 25. Nh5 Qd8 26. g5 fxg5 27. Bxg5 Qc7 28. Bf6 Qd6 29. Rg1+ Kf8 30. Qxd6+ Re7 31. Bxe7+ Ke8 32. Nf6# 1-0


[Site "https://www.chess.com"]

[Event "Titled Tuesday Blitz January 03 Late 2023"]
[White "Duda, Jan-Krzysztof"]
[Black "Perske, Thore"]
[WhiteFideId "1170546"]
[BlackFideId "12902195"]
[WhiteElo "2724"]
[BlackElo "2448"]
[Result "0-1"]
[Round "05"]
[TimeControl "180+2"]
[Date "2023.01.03"]
[WhiteClock "0:00:21"]
[BlackClock "0:00:50"]

1. c4 c6 2. Nf3 Nf6 3. Nc3 d5 4. e3 e6 5. b3 Bd6 6. Bb2 O-O 7. Rg1 e5 8. g4 Bxg4 9. cxd5 cxd5 10. Nxd5 Bh5 11. Nxf6+ Qxf6 12. Be2 Bg6 13. h4 Nc6 14. a3 Rac8 15. b4 a6 16. Rc1 Rfd8 17. Qb3 Bh5 18. Ng5 Bxe2 19. Kxe2 Bf8 20. Rg3 Rxd2+ 21. Kxd2 Qxf2+ 22. Kd3 Rd8+ 23. Bd4 Rxd4+ 0-1


[Site "https://www.chess.com"]

[Event "Titled Tuesday Blitz January 03 Late 2023"]
[White "Deac, Bogdan-Daniel"]
[Black "Saric, Ibro"]
[WhiteFideId "1226380"]
[BlackFideId "14401290"]
[WhiteElo "2700"]
[BlackElo "2531"]
[Result "1-0"]
[Round "05"]
[TimeControl "180+2"]
[Date "2023.01.03"]
[WhiteClock "0:00:07"]
[BlackClock "0:00:03"]

1. b3 e5 2. Bb2 Nc6 3. Nf3 d6 4. c4 g6 5. g3 Bg7 6. Bg2 f5 7. O-O Nf6 8. d3 O-O 9. Nc3 h6 10. a3 a5 11. e3 Be6 12. Qc2 Bf7 13. Nd2 Rb8 14. f4 exf4 15. gxf4 Ng4 16. Rae1 Re8 17. Nd1 Bxb2 18. Qxb2 d5 19. h3 Nf6 20. d4 Ne4 21. Nxe4 dxe4 22. Nc3 Ne7 23. h4 Kh7 24. Bh3 h5 25. Rd1 Ng8 26. Qf2 Nh6 27. d5 Qd6 28. Nb5 Qc5 29. Qd2 c6 30. b4 axb4 31. axb4 Qe7 32. Nd4 Qxh4 33. Kg2 cxd5 34. c5 Ra8 35. Ra1 Ng4 36. Rfc1 Qf6 37. b5 g5 38. Bxg4 fxg4 39. fxg5 Qxg5 40. Rxa8 Rxa8 41. Qf2 Bg6 42. c6 bxc6 43. bxc6 h4 44. c7 g3 45. Qf4 h3+ 46. Kxh3 Qh5+ 47. Qh4 Qxh4+ 48. Kxh4 g2 49. Kg3 Kg7 50. Kxg2 Kf6 51. c8=Q 1-0


[Site "https://www.chess.com"]

[Event "Titled Tuesday Blitz January 03 Late 2023"]
[White "Bortnyk, Olexandr"]
[Black "Maksimovic, Bojan"]
[WhiteFideId "14120828"]
[BlackFideId "14408120"]
[WhiteElo "2605"]
[BlackElo "2486"]
[Result "1-0"]
[Round "05"]
[TimeControl "180+2"]
[Date "2023.01.03"]
[WhiteClock "0:00:03"]
[BlackClock "0:00:09"]

1. e4 g6 2. d4 Bg7 3. c3 b6 4. Bc4 e6 5. Nf3 Bb7 6. Qe2 Ne7 7. h4 h6 8. Bf4 d6 9. Nbd2 Nd7 10. a4 a6 11. O-O Nf6 12. Rfe1 O-O 13. Rad1 Nh5 14. Bh2 d5 15. Bd3 dxe4 16. Bxe4 Bxe4 17. Qxe4 Nd5 18. Nc4 Nhf6 19. Qc2 Ng4 20. Bg3 Rc8 21. Qe2 Qd7 22. Ra1 Qe7 23. Nfd2 Ngf6 24. Ne5 a5 25. Ndc4 Nh5 26. Qf3 Nxg3 27. Qxg3 h5 28. Re2 Bf6 29. Re4 c5 30. dxc5 Rxc5 31. Rae1 Kg7 32. Nd3 Rcc8 33. Nd6 Qc7 34. Nxc8 Qxg3 35. fxg3 Rxc8 36. Rd1 Ne7 37. Ne5 Nf5 38. Rd3 Be7 39. Kf1 Bd6 40. Kf2 Bc5+ 41. Kf3 Bd6 42. Nc4 Bxg3 43. Nxb6 Rc6 44. Nc4 Bc7 45. Rd7 Kf8 46. Na3 Nd6 47. Rd4 Ke8 48. Rxc7 1-0


[Site "https://www.chess.com"]

[Event "Titled Tuesday Blitz January 03 Late 2023"]
[White "Paravyan, David"]
[Black "Rozman, Levy"]
[WhiteFideId "4194985"]
[BlackFideId "2039877"]
[WhiteElo "2601"]
[BlackElo "2322"]
[Result "0-1"]
[Round "05"]
[TimeControl "180+2"]
[Date "2023.01.03"]
[WhiteClock "0:00:02"]
[BlackClock "0:00:44"]

1. e4 e6 2. d4 d5 3. Nc3 dxe4 4. Nxe4 Nf6 5. Nxf6+ gxf6 6. Bf4 Nc6 7. Nf3 b6 8. Bb5 Bb7 9. d5 Qxd5 10. Qxd5 exd5 11. Nd4 Kd7 12. O-O-O a6 13. Ba4 Bd6 14. Bxd6 Kxd6 15. Nf5+ Kc5 16. Bxc6 Bxc6 17. Rd3 Bd7 18. Rc3+ Kb4 19. a3+ Ka5 20. Rd1 c6 21. Nd4 Rac8 22. Nb3+ Kb5 23. Nd4+ Ka5 24. b4+ Ka4 25. Kb2 Rhe8 26. Rf3 Bg4 27. Rdd3 Bxf3 28. Rxf3 c5 29. Nb3 Re6 30. bxc5 bxc5 31. Rf5 Rd6 32. Kc3 Kxa3 33. Rf4 d4+ 34. Kc4 Kb2 35. Nd2 Kxc2 36. Ne4 Rb6 37. f3 Rb4+ 38. Kd5 d3 39. Rxf6 Rxe4 0-1


[Site "https://www.chess.com"]

[Event "Titled Tuesday Blitz January 03 Late 2023"]
[White "Jobava, Baadur"]
[Black "Goryachkina, Aleksandra"]
[WhiteFideId "13601520"]
[BlackFideId "4147103"]
[WhiteElo "2578"]
[BlackElo "2571"]
[Result "1-0"]
[Round "05"]
[TimeControl "180+2"]
[Date "2023.01.03"]
[WhiteClock "0:00:43"]
[BlackClock "0:00:02"]

1. d4 Nf6 2. Bg5 d5 3. e3 Ne4 4. Bf4 c5 5. f3 Nf6 6. Nc3 a6 7. a3 e6 8. Nge2 Nc6 9. Qd2 b5 10. dxc5 Bxc5 11. Nd4 Bb7 12. Rd1 Qe7 13. Bd3 h6 14. Bg3 O-O 15. Bf2 Rfd8 16. O-O Rac8 17. Rfe1 b4 18. axb4 Nxb4 19. Bh4 Nxd3 20. cxd3 e5 21. Nf5 Qe6 22. d4 Qxf5 23. dxc5 d4 24. e4 Qh5 25. Bxf6 gxf6 26. Na4 Kh7 27. b4 Rg8 28. Nb6 Rcd8 29. Qf2 f5 30. Nc4 fxe4 31. fxe4 Bxe4 32. g3 Bf3 33. Rxe5 Bxd1 34. Rxh5 Bxh5 35. Nd6 d3 36. Qd4 Bg6 37. c6 Rge8 38. c7 Rc8 39. Nxc8 Rxc8 40. Qd7 d2 41. Qxd2 Rxc7 42. Qd6 Rb7 43. Kf2 Rb5 44. Qd2 Rf5+ 45. Ke3 h5 46. Kd4 Rf6 47. Kc5 Re6 48. Qg5 Kg7 49. h3 Rf6 50. g4 hxg4 51. Qxg4 Rf5+ 52. Kb6 Rf6+ 53. Ka5 Re6 54. h4 Kh7 55. Qg5 Kh8 56. h5 Be4 57. Qf4 Kh7 58. Qxf7+ 1-0


[Site "https://www.chess.com"]

[Event "Titled Tuesday Blitz January 03 Late 2023"]
[White "Nasuta, Grzegorz"]
[Black "Chigaev, Maksim"]
[WhiteFideId "1141686"]
[BlackFideId "4108116"]
[WhiteElo "2552"]
[BlackElo "2628"]
[Result "1/2-1/2"]
[Round "05"]
[TimeControl "180+2"]
[Date "2023.01.03"]
[WhiteClock "0:00:16"]
[BlackClock "0:00:04"]

1. e4 e6 2. d4 d5 3. Nc3 Nf6 4. Bg5 Bb4 5. e5 h6 6. Bd2 Bxc3 7. bxc3 Ne4 8. Qg4 Kf8 9. Bd3 Nxd2 10. Kxd2 c5 11. Nf3 Nc6 12. dxc5 Qe7 13. Qf4 Qxc5 14. h4 Bd7 15. Nd4 Rc8 16. Rab1 b6 17. h5 Qe7 18. g4 Qg5 19. Qxg5 hxg5 20. Nxc6 Rxc6 21. f4 gxf4 22. Rbf1 Ke7 23. g5 Rc5 24. Rxf4 Ra5 25. h6 g6 26. Ra1 Ra4 27. Rxa4 Bxa4 28. Rf1 Rg8 29. Rf4 Bd7 30. c4 dxc4 31. Rxc4 Kd8 32. Rd4 Ke7 33. Rc4 Kd8 34. Ke3 Rh8 35. Kd2 Rg8 1/2-1/2


[Site "https://www.chess.com"]

[Event "Titled Tuesday Blitz January 03 Late 2023"]
[White "Sai Krishna G V"]
[Black "Shimanov, Aleksandr"]
[WhiteFideId "5028280"]
[BlackFideId "4198603"]
[WhiteElo "2384"]
[BlackElo "2581"]
[Result "0-1"]
[Round "05"]
[TimeControl "180+2"]
[Date "2023.01.03"]
[WhiteClock "0:00:10"]
[BlackClock "0:00:27"]

1. e4 e6 2. d3 d5 3. Nd2 c5 4. Ngf3 Nc6 5. g3 Nf6 6. Bg2 Be7 7. O-O O-O 8. Re1 Qc7 9. Nf1 dxe4 10. dxe4 Rd8 11. Bd2 e5 12. Nh4 c4 13. Ne3 Be6 14. Qc1 g6 15. Nf3 Nxe4 16. Nxc4 Nxf2 17. Ncxe5 Nxe5 18. Nxe5 Nh3+ 19. Bxh3 Bxh3 20. Nd3 Rac8 21. Nf4 Bf5 22. c4 Qxc4 23. Qxc4 Rxc4 24. Rxe7 Rxd2 25. Rxb7 Rcc2 26. Re1 Rxh2 27. Rxa7 g5 28. Re8+ Kg7 29. Ree7 gxf4 30. Rxf7+ Kg6 31. Rf8 fxg3 32. Rg8+ Kh6 33. Rxg3 Rhd2 34. Rf3 Bg6 35. Ra6 Rxb2 36. a4 Rb1+ 37. Rf1 Rxf1+ 38. Kxf1 Ra2 39. Ra7 Kg5 40. a5 h5 41. a6 h4 42. Kg1 h3 43. Ra8 h2+ 44. Kh1 Be4# 0-1


[Site "https://www.chess.com"]

[Event "Titled Tuesday Blitz January 03 Late 2023"]
[White "Melkumyan, Hrant"]
[Black "Kuznetsov, Felix"]
[WhiteFideId "13302485"]
[BlackFideId "34147990"]
[WhiteElo "2645"]
[BlackElo "2254"]
[Result "0-1"]
[Round "05"]
[TimeControl "180+2"]
[Date "2023.01.03"]
[WhiteClock "0:00:09"]
[BlackClock "0:00:22"]

1. d4 Nf6 2. c4 e6 3. Bf4 b6 4. a3 Bb7 5. Nc3 d5 6. e3 Be7 7. Rc1 O-O 8. Nf3 a6 9. cxd5 exd5 10. Bd3 Nbd7 11. O-O c5 12. dxc5 Nxc5 13. Be5 Nxd3 14. Qxd3 Qd7 15. Rfd1 Rfd8 16. h3 Rac8 17. Rc2 Qe6 18. Ne2 Nd7 19. Bc3 Nc5 20. Qd4 Bf6 21. Qf4 Bxc3 22. Rxc3 Ne4 23. Rxc8 Rxc8 24. Ned4 Qd6 25. Qg4 g6 26. Nf5 Qf6 27. N5d4 h5 28. Qd7 Nc5 29. Qxc8+ Bxc8 30. Rc1 Bd7 31. b4 Ne6 32. Nxe6 Qxe6 33. Nd4 Qd6 34. h4 a5 35. Rb1 Bf5 36. Rb3 Qc7 37. bxa5 bxa5 38. a4 Bd7 39. Ne2 Bxa4 40. Rc3 Qb6 41. Rc8+ Kg7 42. Nd4 Bd7 43. Ra8 a4 44. Kh2 Qd6+ 45. g3 a3 46. Kg2 Bf5 47. Ra7 Be4+ 48. f3 Bb1 49. g4 hxg4 50. fxg4 Be4+ 51. Kh3 Qb4 52. g5 Bf5+ 53. Kg2 Qd2+ 54. Kf3 Be4+ 55. Kf4 Qf2+ 56. Ke5 Qg3# 0-1


[Site "https://www.chess.com"]

[Event "Titled Tuesday Blitz January 03 Late 2023"]
[White "Svane, Rasmus"]
[Black "Salimova, Nurgyul"]
[WhiteFideId "4657101"]
[BlackFideId "2915138"]
[WhiteElo "2623"]
[BlackElo "2391"]
[Result "0-1"]
[Round "05"]
[TimeControl "180+2"]
[Date "2023.01.03"]
[WhiteClock "0:00:02"]
[BlackClock "0:00:09"]

1. Nf3 d5 2. g3 Nd7 3. d4 Nb6 4. Nc3 Bf5 5. Nh4 Bg4 6. h3 Bd7 7. Bg2 Nf6 8. e4 dxe4 9. Nxe4 Nxe4 10. Bxe4 c6 11. Bg2 g6 12. O-O Bg7 13. Nf3 O-O 14. Qe2 Be6 15. Rd1 a5 16. Bf4 a4 17. Be5 Bc4 18. Qe1 Bd5 19. b3 axb3 20. axb3 Rxa1 21. Rxa1 Bh6 22. Rd1 f6 23. Bf4 Bxf4 24. gxf4 Qd7 25. Qe3 Nc8 26. c4 Be6 27. Kh2 Bf7 28. Re1 Re8 29. Bf1 Nd6 30. Bd3 Nf5 31. Bxf5 Qxf5 32. Nh4 Qh5 33. Kg3 b5 34. d5 bxc4 35. bxc4 cxd5 36. c5 e5 37. fxe5 Rxe5 38. Qd2 Rg5+ 39. Kh2 Qxh4 40. c6 Rf5 41. f4 Qxf4+ 42. Qxf4 Rxf4 43. Rc1 Rc4 0-1


[Site "https://www.chess.com"]